SL
NORTHERN VIRGINIA RETRIEVERS @ GRAFTON MIDDIES
08/31/2023
 
TOP OF THE 1ST
Northern Virginia Retrievers batting - Pitching for Grafton Middies : RHP Robbie Baxter
Pitching: RHP Robbie Baxter
Batting: LHB Bartolo Benítez 0-0: Ball
1-0: Called Strike
1-1: Fly out, F5 (Popup, 5L)
Batting: LHB Chad Armstrong 0-0: Called Strike
0-1: Fly out, F9 (Line Drive, 9M)
Batting: RHB Teruo Nakayama 0-0: Ball
1-0: Ground out 6-3 (Groundball, 6)
Top of the 1st over - 0 run(s), 0 hit(s), 0 error(s), 0 left on base; Northern Virginia 0 - Grafton 0
BOTTOM OF THE 1ST
Grafton Middies batting - Pitching for Northern Virginia Retrievers : RHP Natalino Golaio
Pitching: RHP Natalino Golaio
Batting: SHB Curt Finley 0-0: Ball
1-0: Swinging Strike
1-1: Foul Ball, location: 2F
1-2: Ball
2-2: Foul Ball, location: 2F
2-2: Foul Ball, location: 2F
2-2: Ball
3-2: Base on Balls
Batting: RHB Scotty Anderson 0-0: Called Strike
0-1: Ball
1-1: Ball
2-1: Fly out, F8 (Flyball, 78M)
Batting: LHB Mario Ramos 0-0: Called Strike
0-1: Called Strike
0-2: Ball
1-2: DOUBLE (Flyball, 78D)
Curt Finley to third
Batting: RHB Stefano Gaddi 0-0: Ball
1-0: Foul Ball, location: 2F
1-1: Fly out, F5 (Popup, 5F)
Batting: RHB Mark Davis 0-0: Ball
1-0: Foul Ball, location: 2F
1-1: Ball
2-1: Ball
3-1: Called Strike
3-2: Base on Balls
Batting: RHB Pedro Santos 0-0: Foul Ball, location: 2F
0-1: Ball
1-1: Swinging Strike
1-2: DOUBLE (Line Drive, 9LD)
Curt Finley scores
Mario Ramos scores
Mark Davis to third
Runner from 3rd tries for Home, SAFE, no throw or cutoff
Batting: RHB Wes Bradley 0-0: Ground out 6-3 (Groundball, 6M)
Bottom of the 1st over - 3 run(s), 2 hit(s), 0 error(s), 1 left on base; Northern Virginia 0 - Grafton 3
TOP OF THE 2ND
Northern Virginia Retrievers batting - Pitching for Grafton Middies : RHP Robbie Baxter
Batting: SHB Ramiro Salazar 0-0: Called Strike
0-1: Ball
1-1: Foul Ball, location: 2F
1-2: Ground out 3-1 (Groundball, 34S)
Batting: RHB Bob Heller 0-0: Ball
1-0: Ground out 1-3 (Groundball, 15S)
Batting: LHB Francisco Ornelas 0-0: Ball
1-0: Ball
2-0: Foul Ball, location: 2F
2-1: Called Strike
2-2: Foul Ball, location: 2F
2-2: Foul Ball, location: 2F
2-2: SINGLE (Line Drive, 7S)
Batting: LHB Wayne Akers 0-0: Ball
1-0: Ball
2-0: Ball
3-0: Called Strike
3-1: Fly out, F4 (Popup, 3DF)
Top of the 2nd over - 0 run(s), 1 hit(s), 0 error(s), 1 left on base; Northern Virginia 0 - Grafton 3
BOTTOM OF THE 2ND
Grafton Middies batting - Pitching for Northern Virginia Retrievers : RHP Natalino Golaio
Batting: RHB José Álvarez 0-0: Ground out 5-3 (Groundball, 5S)
Batting: RHB Justin Bingham 0-0: Ball
1-0: Ball
2-0: Ball
3-0: Called Strike
3-1: Base on Balls
Batting: SHB Curt Finley 0-0: Called Strike
0-1: Ball
1-1: Ball
2-1: SINGLE (Flyball, 8RS)
Justin Bingham to second
Batting: RHB Scotty Anderson 0-0: Ball
1-0: Called Strike
1-1: Called Strike
1-2: Foul Ball, location: 2F
1-2: Grounds into double play, U6-3 (Groundball, 6M)
Bottom of the 2nd over - 0 run(s), 1 hit(s), 0 error(s), 1 left on base; Northern Virginia 0 - Grafton 3
TOP OF THE 3RD
Northern Virginia Retrievers batting - Pitching for Grafton Middies : RHP Robbie Baxter
Batting: LHB David Martínez 0-0: Foul Ball, location: 2F
0-1: Ball
1-1: Fly out, F8 (Flyball, 89M)
Batting: LHB Munemori Ohara 0-0: SINGLE (Groundball, 25) (infield hit)
Batting: LHB Bartolo Benítez 0-0: Ball
1-0: Ball
2-0: Swinging Strike
2-1: Foul Ball, location: 2F
2-2: Strikes out looking
Batting: LHB Chad Armstrong 0-0: Called Strike
Munemori Ohara steals 2nd base
0-1: Ball
1-1: Foul Ball, location: 2F
1-2: Ball
2-2: Foul Ball, location: 2F
2-2: Foul Ball, location: 2F
2-2: Foul Ball, location: 2F
2-2: Foul Ball, location: 2F
2-2: Ball
3-2: Ground out 4-3 (Groundball, 4)
Top of the 3rd over - 0 run(s), 1 hit(s), 0 error(s), 1 left on base; Northern Virginia 0 - Grafton 3
BOTTOM OF THE 3RD
Grafton Middies batting - Pitching for Northern Virginia Retrievers : RHP Natalino Golaio
Batting: LHB Mario Ramos 0-0: Called Strike
0-1: Called Strike
0-2: Strikes out looking
Batting: RHB Stefano Gaddi 0-0: Ball
1-0: Fly out, F5 (Line Drive, 5)
Batting: RHB Mark Davis 0-0: SINGLE (Flyball, 89S)
Batting: RHB Pedro Santos 0-0: Ball
1-0: Foul Ball, location: 2F
1-1: Foul Ball, location: 2F
1-2: Ball
2-2: Foul Ball, location: 2F
2-2: Strikes out looking
Bottom of the 3rd over - 0 run(s), 1 hit(s), 0 error(s), 1 left on base; Northern Virginia 0 - Grafton 3
TOP OF THE 4TH
Northern Virginia Retrievers batting - Pitching for Grafton Middies : RHP Robbie Baxter
Batting: RHB Teruo Nakayama 0-0: Ball
1-0: Called Strike
1-1: Called Strike
1-2: Strikes out swinging
Batting: SHB Ramiro Salazar 0-0: Foul Ball, location: 2F
0-1: Ball
1-1: Swinging Strike
1-2: DOUBLE (Flyball, 78D)
Batting: RHB Bob Heller 0-0: Called Strike
0-1: Ball
1-1: Ball
2-1: Ball
3-1: Foul Ball, location: 2F
3-2: Base on Balls
Batting: LHB Francisco Ornelas 0-0: Fielders Choice at 2nd, 1-4 (Groundball, 13)
Ramiro Salazar to third
Batting: LHB Wayne Akers 0-0: Ball
Francisco Ornelas steals 2nd base
1-0: Called Strike
1-1: Called Strike
1-2: Foul Ball, location: 2F
1-2: Foul Ball, location: 2F
1-2: Ball
2-2: Strikes out swinging
Top of the 4th over - 0 run(s), 1 hit(s), 0 error(s), 2 left on base; Northern Virginia 0 - Grafton 3
BOTTOM OF THE 4TH
Grafton Middies batting - Pitching for Northern Virginia Retrievers : RHP Natalino Golaio
Batting: RHB Wes Bradley 0-0: Called Strike
0-1: Ball
1-1: SINGLE (Line Drive, 56D)
Batting: RHB José Álvarez 0-0: Foul Ball, location: 2F
0-1: SINGLE (Line Drive, 34)
Wes Bradley to second
Wes Bradley to third
Batting: RHB Justin Bingham 0-0: Ball
1-0: Swinging Strike
1-1: Foul Ball, location: 2F
1-2: Ball
2-2: Ball
3-2: Base on Balls
José Álvarez to second
Batting: SHB Curt Finley 0-0: Ball
1-0: Called Strike
1-1: SINGLE (Groundball, 6MD)
Wes Bradley scores
José Álvarez to third
Justin Bingham to second
Batting: RHB Scotty Anderson 0-0: SINGLE (Line Drive, 56)
José Álvarez scores
Justin Bingham to third
Curt Finley to second
Batting: LHB Mario Ramos 0-0: Grounds into double play, U4-3 (Groundball, 4)
Justin Bingham scores
Curt Finley to third
Pitching: RHP Carlos Guzmán
Batting: RHB Stefano Gaddi 0-0: Ball
1-0: Foul Ball, location: 2F
1-1: Foul Ball, location: 2F
1-2: Ball
2-2: Ball
3-2: Strikes out looking
Bottom of the 4th over - 3 run(s), 4 hit(s), 0 error(s), 1 left on base; Northern Virginia 0 - Grafton 6
TOP OF THE 5TH
Northern Virginia Retrievers batting - Pitching for Grafton Middies : RHP Robbie Baxter
Batting: LHB David Martínez 0-0: Fly out, F8 (Line Drive, 8RM)
Batting: LHB Munemori Ohara 0-0: Called Strike
0-1: SINGLE (Flyball, 7S)
Batting: LHB Bartolo Benítez 0-0: Ball
1-0: Called Strike
Munemori Ohara steals 2nd base
1-1: Ball
2-1: SINGLE (Line Drive, 8LS)
Munemori Ohara to third
Runner from 3rd tries for Home, SAFE, no throw or cutoff
Batting: LHB Chad Armstrong 0-0: Called Strike
0-1: Swinging Strike
0-2: Foul Ball, location: 2F
0-2: Ball
1-2: Grounds into double play, 4-6-3 (Groundball, 4)
Top of the 5th over - 1 run(s), 2 hit(s), 0 error(s), 0 left on base; Northern Virginia 1 - Grafton 6
BOTTOM OF THE 5TH
Grafton Middies batting - Pitching for Northern Virginia Retrievers : RHP Carlos Guzmán
Batting: RHB Mark Davis 0-0: Ball
1-0: Swinging Strike
1-1: Called Strike
1-2: Strikes out swinging
Batting: RHB Pedro Santos 0-0: Foul Ball, location: 2F
0-1: Ball
1-1: Ball
2-1: Ball
3-1: Base on Balls
Batting: RHB Wes Bradley 0-0: Called Strike
0-1: Ball
1-1: Foul Ball, location: 2F
1-2: SINGLE (Groundball, 56D)
Pedro Santos to second
Batting: RHB José Álvarez 0-0: Ball
1-0: Ball
2-0: Ball
3-0: Called Strike
3-1: Foul Ball, location: 2F
3-2: Strikes out looking
Batting: RHB Justin Bingham 0-0: Ball
Wild Pitch!
Pedro Santos to third
Wes Bradley to second
1-0: Fly out, F8 (Flyball, 8RM)
Bottom of the 5th over - 0 run(s), 1 hit(s), 0 error(s), 2 left on base; Northern Virginia 1 - Grafton 6
TOP OF THE 6TH
Northern Virginia Retrievers batting - Pitching for Grafton Middies : RHP Robbie Baxter
Batting: RHB Teruo Nakayama 0-0: Called Strike
0-1: Swinging Strike
0-2: Ground out 4-3 (Groundball, 34)
Batting: SHB Ramiro Salazar 0-0: Ground out U3 (Groundball, 3)
Batting: RHB Bob Heller 0-0: Called Strike
0-1: Foul Ball, location: 2F
0-2: Fly out, F9 (Flyball, 89S)
Top of the 6th over - 0 run(s), 0 hit(s), 0 error(s), 0 left on base; Northern Virginia 1 - Grafton 6
BOTTOM OF THE 6TH
Grafton Middies batting - Pitching for Northern Virginia Retrievers : RHP Carlos Guzmán
Batting: SHB Curt Finley 0-0: Called Strike
0-1: Ball
1-1: Ball
2-1: Ball
3-1: Base on Balls
Batting: RHB Scotty Anderson 0-0: Called Strike
0-1: Called Strike
0-2: Ball
1-2: Foul Ball, location: 2F
1-2: Grounds into double play, 6-4-3 (Groundball, 6)
Batting: LHB Mario Ramos 0-0: Fly out, F7 (Flyball, 78D)
Bottom of the 6th over - 0 run(s), 0 hit(s), 0 error(s), 0 left on base; Northern Virginia 1 - Grafton 6
TOP OF THE 7TH
Northern Virginia Retrievers batting - Pitching for Grafton Middies : RHP Robbie Baxter
Batting: LHB Francisco Ornelas 0-0: Ball
1-0: Called Strike
1-1: Called Strike
1-2: Ball
2-2: Strikes out swinging
Batting: LHB Wayne Akers 0-0: Called Strike
0-1: Ball
1-1: Ball
2-1: Ground out 6-3 (Groundball, 6)
Batting: LHB David Martínez 0-0: Called Strike
0-1: Ball
1-1: Ground out 4-3 (Groundball, 4)
Top of the 7th over - 0 run(s), 0 hit(s), 0 error(s), 0 left on base; Northern Virginia 1 - Grafton 6
BOTTOM OF THE 7TH
Grafton Middies batting - Pitching for Northern Virginia Retrievers : RHP Carlos Guzmán
Batting: RHB Stefano Gaddi 0-0: Ground out 6-3 (Groundball, 6)
Batting: RHB Mark Davis 0-0: Ball
1-0: Ball
2-0: Called Strike
2-1: Called Strike
2-2: Strikes out looking
Batting: RHB Pedro Santos 0-0: Foul Ball, location: 2F
0-1: Ball
1-1: Called Strike
1-2: SINGLE (Groundball, 56D)
Batting: RHB Wes Bradley 0-0: Fly out, F9 (Flyball, 89M)
Bottom of the 7th over - 0 run(s), 1 hit(s), 0 error(s), 1 left on base; Northern Virginia 1 - Grafton 6
TOP OF THE 8TH
Northern Virginia Retrievers batting - Pitching for Grafton Middies : RHP Robbie Baxter
Batting: LHB Munemori Ohara 0-0: Swinging Strike
0-1: Swinging Strike
0-2: Ball
1-2: Strikes out swinging
Batting: LHB Bartolo Benítez 0-0: Ball
1-0: SINGLE (Flyball, 89S)
Batting: LHB Chad Armstrong 0-0: Ball
1-0: Ball
2-0: Ball
3-0: Called Strike
3-1: Base on Balls
Bartolo Benítez to second
Batting: RHB Teruo Nakayama 0-0: Swinging Strike
0-1: Called Strike
0-2: Foul Ball, location: 2F
0-2: Ball
1-2: Ball
2-2: Foul Ball, location: 2F
2-2: SINGLE (Groundball, 5D)
Bartolo Benítez to third
Chad Armstrong to second
Runner from 3rd tries for Home, SAFE, throw made home
Pitching: RHP Frank Morse
Batting: SHB Ramiro Salazar 0-0: Called Strike
0-1: Ball
1-1: 3-RUN HOME RUN (Flyball, 9D), Distance : 382 ft
Pitching: RHP Domingo Álvarez
Batting: RHB Bob Heller 0-0: Ground out 6-3 (Groundball, 6)
Batting: LHB Francisco Ornelas 0-0: Ball
1-0: Swinging Strike
1-1: Ball
2-1: SINGLE (Groundball, 34D)
Pinch Hitting: LHB Roberto Salazar 0-0: Called Strike
Single, Error in OF, E7, batter to second base
Francisco Ornelas to third
Pinch Hitting: RHB Donald Thompson 0-0: Called Strike
0-1: Ball
1-1: Foul Ball, location: 2F
1-2: Ball
2-2: Fly out, F4 (Popup, 34)
Top of the 8th over - 4 run(s), 5 hit(s), 1 error(s), 2 left on base; Northern Virginia 5 - Grafton 6
BOTTOM OF THE 8TH
Grafton Middies batting - Pitching for Northern Virginia Retrievers : RHP Carlos Guzmán
Now at SS: Gustavo Fuentes
Now in RF: Roberto Salazar
Batting: RHB José Álvarez 0-0: Ball
1-0: Swinging Strike
1-1: Swinging Strike
1-2: Foul Ball, location: 2F
1-2: Foul Ball, location: 2F
1-2: Fly out, F7 (Flyball, 78M)
Pitching: LHP Edison Larson
Batting: RHB Justin Bingham 0-0: Ball
1-0: Ball
2-0: Foul Ball, location: 2F
2-1: Ball
3-1: Base on Balls
Batting: SHB Curt Finley 0-0: Ball
1-0: Foul Ball, location: 2F
1-1: Ball
2-1: Swinging Strike
2-2: Ball
3-2: Grounds into double play, 2-6-3 (Groundball, 2R)
Bottom of the 8th over - 0 run(s), 0 hit(s), 0 error(s), 0 left on base; Northern Virginia 5 - Grafton 6
TOP OF THE 9TH
Northern Virginia Retrievers batting - Pitching for Grafton Middies : RHP Domingo Álvarez
Pitching: RHP Truman Valentine
Batting: LHB Munemori Ohara 0-0: Called Strike
0-1: Ball
1-1: Foul Ball, location: 2F
1-2: Ball
2-2: Strikes out looking
Batting: LHB Bartolo Benítez 0-0: Swinging Strike
0-1: Foul Ball, location: 2F
0-2: DOUBLE (Line Drive, 89D)
Batting: LHB Chad Armstrong 0-0: Foul Ball, location: 2F
0-1: Called Strike
0-2: Strikes out swinging
Batting: RHB Teruo Nakayama 0-0: Called Strike
0-1: Ball
1-1: Called Strike
1-2: Ball
2-2: Ball
3-2: Foul Ball, location: 2F
3-2: Foul Ball, location: 2F
3-2: Foul Ball, location: 2F
3-2: Ground out 4-3 (Groundball, 4M)
Top of the 9th over - 0 run(s), 1 hit(s), 0 error(s), 1 left on base; Northern Virginia 5 - Grafton 6
This league is powered by Out of the Park Baseball, the baseball management simulation game for PC, Mac and Linux
Friday, July 8th, 2016 - OOTP Baseball 16.9 Build 39